[Event "EYCC Open-U18 2019"]
[Site "Bratislava"]
[Date "2019.08.07"]
[Round "6.18"]
[White "Guerra Rivera, Salvador"]
[Black "Chatzieleftheriou, Andreas"]
[Result "0-1"]
[ECO "C17"]
[WhiteElo "2355"]
[BlackElo "2208"]
[Annotator "NA"]
[PlyCount "86"]
[EventDate "2019.08.02"]
[EventType "swiss"]
[EventCountry "SVK"]
[SourceTitle "playchess.com"]
[Source "ChessBase"]
[SourceQuality "1"]
[TimeControl "40/5400+30:1800+30"]

1. e4 e6 2. d4 d5 3. Nc3 Bb4 4. e5 c5 5. Qg4 g6 6. Bd2 cxd4 7. Qxd4 Nc6 8. Qf4 Bf8 9. O-O-O Bg7 10. Nf3 a6 11. Bd3 Qc7 12. Rde1 h6 13. h4 Nge7 14. Kb1 Bd7 15. g4 Rf8 16. Qg3 Rb8 17. Ne2 Rc8 18. Ned4 Qb6 19. Be3 Qc7 20. Nxc6 Nxc6 21. Bc5 Rh8 22. Bd6 Qb6 23. c3 Na5 24. Ka1 Nc4 25. Bxc4 Rxc4 26. Nd4 Bf8 27. Qf4 Qd8 28. Qe3 Bxd6 29. exd6 Qf6 30. f4 Kd8 31. Rh3 h5 32. g5 Qg7 33. b3 Rc8 34. Kb2 b5 35. f5 b4 36. fxe6 Rxc3 37. Qf2 Rxh3 38. Kb1 fxe6 39. Rxe6 Rh1+ 40. Kc2 Rh2 41. Qxh2 Qxd4 42. Qe2 Bxe6 43. Qxe6 Qe4+ 0-1

[Event "EYCC Open-U18 2019"]
[Site "Bratislava"]
[Date "2019.08.07"]
[Round "6.19"]
[White "Hurdzan, Tomas"]
[Black "Papp, Levente"]
[Result "1/2-1/2"]
[ECO "C06"]
[WhiteElo "2231"]
[BlackElo "2362"]
[Annotator "NA"]
[PlyCount "69"]
[EventDate "2019.08.02"]
[EventType "swiss"]
[EventCountry "SVK"]
[SourceTitle "playchess.com"]
[Source "ChessBase"]
[SourceQuality "1"]
[TimeControl "40/5400+30:1800+30"]

1. e4 e6 2. d4 d5 3. Nd2 Nf6 4. e5 Nfd7 5. Bd3 c5 6. c3 Nc6 7. Ne2 cxd4 8. cxd4 f6 9. exf6 Nxf6 10. Nf3 Bd6 11. O-O O-O 12. Bf4 Bxf4 13. Nxf4 Ng4 14. Ne2 e5 15. dxe5 Rxf3 16. gxf3 Ngxe5 17. Ng3 Nd4 18. Be2 Qh4 19. Rc1 Bd7 20. Rc3 Rf8 21. Re3 Bb5 22. Kg2 Bxe2 23. Nxe2 Nexf3 24. h3 Qg5+ 25. Ng3 h5 26. Kh1 Rf4 27. Qc1 h4 28. Qc8+ Kh7 29. Ne2 Nxe2 30. Rxe2 Re4 31. Rxe4 dxe4 32. Rc1 Qf4 33. Qc7 Qf5 34. Qc8 Qf4 35. Qc7 1/2-1/2

[Event "EYCC Open-U18 2019"]
[Site "Bratislava"]
[Date "2019.08.07"]
[Round "6.20"]
[White "Kotau, Arseni"]
[Black "Galiana Fernandez, Adrian"]
[Result "1-0"]
[ECO "E06"]
[WhiteElo "2227"]
[BlackElo "2302"]
[Annotator "NA"]
[PlyCount "53"]
[EventDate "2019.08.02"]
[EventType "swiss"]
[EventCountry "SVK"]
[SourceTitle "playchess.com"]
[Source "ChessBase"]
[SourceQuality "1"]
[TimeControl "40/5400+30:1800+30"]

1. d4 Nf6 2. c4 e6 3. g3 d5 4. Bg2 Be7 5. Nf3 O-O 6. O-O dxc4 7. Qc2 b5 8. a4 b4 9. Ne5 Qxd4 10. Bxa8 Qxe5 11. Bf3 Nd5 12. Qxc4 Ba6 13. Qc2 c5 14. Nd2 Nc6 15. Nc4 Qd4 16. Ne3 Ne5 17. Bxd5 b3 18. Bxb3 c4 19. Ba2 Rc8 20. Bd2 Ng4 21. Bb1 f5 22. Bc3 Qxe3 23. fxe3 Nxe3 24. Qd2 Bc5 25. Qd7 e5 26. Bxe5 Ng4+ 27. Bd4 1-0

[Event "EYCC Open-U18 2019"]
[Site "Bratislava"]
[Date "2019.08.07"]
[Round "6.21"]
[White "Nordquelle, Daniel"]
[Black "Zabolotnov, Evgeny"]
[Result "1/2-1/2"]
[ECO "B12"]
[WhiteElo "2181"]
[BlackElo "2284"]
[Annotator "NA"]
[PlyCount "132"]
[EventDate "2019.08.02"]
[EventType "swiss"]
[EventCountry "SVK"]
[SourceTitle "playchess.com"]
[Source "ChessBase"]
[SourceQuality "1"]
[TimeControl "40/5400+30:1800+30"]

1. e4 c6 2. d4 d5 3. e5 Bf5 4. Nf3 e6 5. Be2 Ne7 6. O-O c5 7. Be3 Nec6 8. dxc5 Nd7 9. Bb5 Bg4 10. Nbd2 Bxc5 11. Bxc5 Nxc5 12. h3 Bh5 13. c4 O-O 14. Qc2 Bg6 15. Qc3 Rc8 16. Rfd1 Nd3 17. Nb3 dxc4 18. Bxc4 Ncb4 19. Nbd4 Nd5 20. Qb3 Rxc4 21. Qxc4 Nxb2 22. Qb3 Nxd1 23. Rxd1 Qb6 24. Qxb6 axb6 25. Nb5 Ra8 26. Rd2 Bb1 27. a3 Be4 28. Ng5 Bg6 29. Nf3 h6 30. g3 Rc8 31. Nfd4 Rc1+ 32. Kg2 Nc3 33. f3 Nxb5 34. Nxb5 Rc5 35. Nd6 Rxe5 36. Rb2 Ra5 37. Nxb7 Rxa3 38. Rxb6 Ra2+ 39. Kg1 Ra1+ 40. Kg2 Ra2+ 41. Kg1 Ra1+ 42. Kg2 Rb1 43. Rxb1 Bxb1 44. h4 Kf8 45. Nc5 Ke7 46. Na4 Bc2 47. Nc3 Kd6 48. Kf2 Bb3 49. Ke3 Bd5 50. Ne2 e5 51. Nc3 Bc6 52. f4 h5 53. fxe5+ Kxe5 54. Ne2 Bb7 55. Nf4 g6 56. Nd3+ Kf5 57. Nf4 Kg4 58. Kf2 g5 59. hxg5 h4 60. g6 fxg6 61. Nxg6 h3 62. Ne5+ Kf5 63. Nf3 Bd5 64. Nh2 Ke4 65. Nf1 Kd3 66. Nh2 Ke4 1/2-1/2

[Event "EYCC Open-U18 2019"]
[Site "Bratislava"]
[Date "2019.08.07"]
[Round "6.22"]
[White "Tisaj, Domen"]
[Black "Kukas, Oliver"]
[Result "1-0"]
[ECO "D80"]
[WhiteElo "2232"]
[BlackElo "2082"]
[Annotator "NA"]
[PlyCount "75"]
[EventDate "2019.08.02"]
[EventType "swiss"]
[EventCountry "SVK"]
[SourceTitle "playchess.com"]
[Source "ChessBase"]
[SourceQuality "1"]
[TimeControl "40/5400+30:1800+30"]

1. d4 Nf6 2. c4 g6 3. Nc3 d5 4. e3 Bg7 5. Qb3 dxc4 6. Bxc4 O-O 7. Nf3 c5 8. d5 Re8 9. O-O a6 10. a4 e6 11. e4 exd5 12. Nxd5 Nxd5 13. Bxd5 Be6 14. Qxb7 Bxd5 15. exd5 Nd7 16. Bf4 Re4 17. Bc7 Qc8 18. Qc6 Rb4 19. Rae1 Rb7 20. d6 Bf6 21. Re8+ Qxe8 22. Qxb7 Qc8 23. Qd5 Nf8 24. Rd1 Ra7 25. Qxc5 Rb7 26. Qd5 Rxb2 27. a5 Ne6 28. Bb6 Qd7 29. Qa8+ Kg7 30. Qe4 Rb5 31. g3 Rh5 32. Kg2 h6 33. h4 g5 34. Rd5 Nf4+ 35. gxf4 Qg4+ 36. Kf1 gxh4 37. Rxh5 Qxh5 38. Bd4 1-0

[Event "EYCC Open-U18 2019"]
[Site "Bratislava"]
[Date "2019.08.07"]
[Round "6.23"]
[White "Miesbauer, Jan"]
[Black "Crevatin, Leo"]
[Result "1-0"]
[ECO "B30"]
[WhiteElo "2409"]
[BlackElo "2146"]
[Annotator "NA"]
[PlyCount "61"]
[EventDate "2019.08.02"]
[EventType "swiss"]
[EventCountry "SVK"]
[SourceTitle "playchess.com"]
[Source "ChessBase"]
[SourceQuality "1"]
[TimeControl "40/5400+30:1800+30"]

1. e4 c5 2. Nf3 Nc6 3. Bb5 e6 4. Bxc6 bxc6 5. O-O Ne7 6. c3 d5 7. Qa4 Bd7 8. Ne5 f6 9. Nxd7 Qxd7 10. Re1 g6 11. d4 c4 12. b3 cxb3 13. axb3 Kf7 14. c4 dxe4 15. Rxe4 f5 16. Re1 Bg7 17. Nd2 Qxd4 18. Ra2 h6 19. Nf3 Qd6 20. Rd2 Qc7 21. Rde2 Rae8 22. Ne5+ Bxe5 23. Rxe5 Nc8 24. c5 Ne7 25. Bb2 Nd5 26. Qd4 Rh7 27. Rxd5 cxd5 28. Qf6+ Kg8 29. Qxg6+ Kf8 30. Be5 Qa5 31. Ra1 1-0

[Event "EYCC Open-U18 2019"]
[Site "Bratislava"]
[Date "2019.08.07"]
[Round "6.24"]
[White "Veleshnja, Zino"]
[Black "Mitsis, Georgios"]
[Result "0-1"]
[ECO "A40"]
[WhiteElo "2131"]
[BlackElo "2399"]
[Annotator "NA"]
[PlyCount "80"]
[EventDate "2019.08.02"]
[EventType "swiss"]
[EventCountry "SVK"]
[SourceTitle "playchess.com"]
[Source "ChessBase"]
[SourceQuality "1"]
[TimeControl "40/5400+30:1800+30"]

1. d4 Nf6 2. c4 e6 3. g3 c5 4. Nf3 cxd4 5. Nxd4 Nc6 6. Bg2 Qb6 7. Nb3 Ne5 8. Qc2 d6 9. O-O Be7 10. Bf4 Ng6 11. Be3 Qc7 12. Na3 a6 13. Rfd1 O-O 14. Rac1 Bd7 15. Qd2 Bc6 16. Nb5 axb5 17. cxb5 d5 18. bxc6 Rxa2 19. Nd4 bxc6 20. Nxc6 Qb7 21. Nxe7+ Nxe7 22. Rc2 Nd7 23. Rb1 Rc8 24. Rxc8+ Nxc8 25. Qc3 Nd6 26. b4 Nb5 27. Qb3 Ra3 28. Qb2 h6 29. Bd4 f6 30. Ra1 Rxa1+ 31. Qxa1 Qc6 32. Be3 Nc3 33. Qb2 Qc4 34. Bf1 Kf7 35. Ba7 d4 36. e3 d3 37. Bd4 Nd5 38. b5 e5 39. Ba7 Qc2 40. Qa1 d2 0-1

[Event "EYCC Open-U18 2019"]
[Site "Bratislava"]
[Date "2019.08.07"]
[Round "6.25"]
[White "Akdogan, Alperen"]
[Black "Chylewski, Patryk"]
[Result "1/2-1/2"]
[ECO "A46"]
[WhiteElo "2193"]
[BlackElo "2376"]
[Annotator "NA"]
[PlyCount "46"]
[EventDate "2019.08.02"]
[EventType "swiss"]
[EventCountry "SVK"]
[SourceTitle "playchess.com"]
[Source "ChessBase"]
[SourceQuality "1"]
[TimeControl "40/5400+30:1800+30"]

1. d4 Nf6 2. Nf3 d5 3. c4 e6 4. g3 Bb4+ 5. Bd2 Bd6 6. Bg2 c6 7. Qc2 Nbd7 8. O-O O-O 9. Rd1 Qe7 10. Bg5 h6 11. Bxf6 Nxf6 12. Nbd2 c5 13. e4 dxe4 14. Nxe4 Nxe4 15. Qxe4 a5 16. Ne5 cxd4 17. Qxd4 Ra6 18. Rac1 Qc7 19. Nd3 Be7 20. Qe5 Bd6 21. Qe3 Be7 22. Qe5 Bd6 23. Qe3 Be7 1/2-1/2

[Event "EYCC Open-U18 2019"]
[Site "Bratislava"]
[Date "2019.08.07"]
[Round "6.26"]
[White "Ludvik, Tomas"]
[Black "Brinovec, David"]
[Result "0-1"]
[ECO "D43"]
[WhiteElo "2334"]
[BlackElo "2205"]
[Annotator "NA"]
[PlyCount "64"]
[EventDate "2019.08.02"]
[EventType "swiss"]
[EventCountry "SVK"]
[SourceTitle "playchess.com"]
[Source "ChessBase"]
[SourceQuality "1"]
[TimeControl "40/5400+30:1800+30"]

1. Nf3 d5 2. c4 e6 3. d4 c6 4. Nc3 Nf6 5. Bg5 Nbd7 6. cxd5 exd5 7. Qc2 Be7 8. e3 O-O 9. Bd3 Re8 10. O-O Nf8 11. h3 Ne4 12. Bf4 f5 13. Rab1 a5 14. a3 g5 15. Bh2 Ng6 16. Na4 Bd6 17. Bxd6 Qxd6 18. Rfc1 Qf6 19. Nc5 b6 20. Na4 b5 21. Nc5 Ra7 22. Re1 Rae7 23. Rbc1 g4 24. hxg4 fxg4 25. Bxe4 gxf3 26. Bxg6 Rg7 27. Nd3 Rxg6 28. g3 Bf5 29. Qd1 Bxd3 30. Qxd3 Re4 31. Rc2 Rh6 32. Qf1 Reh4 0-1

[Event "EYCC Open-U18 2019"]
[Site "Bratislava"]
[Date "2019.08.07"]
[Round "6.27"]
[White "Mirri, Pietro"]
[Black "Storme, Isak"]
[Result "1-0"]
[ECO "D11"]
[WhiteElo "2194"]
[BlackElo "2330"]
[Annotator "NA"]
[PlyCount "95"]
[EventDate "2019.08.02"]
[EventType "swiss"]
[EventCountry "SVK"]
[SourceTitle "playchess.com"]
[Source "ChessBase"]
[SourceQuality "1"]
[TimeControl "40/5400+30:1800+30"]

1. d4 d5 2. c4 c6 3. Nf3 Nf6 4. g3 dxc4 5. Bg2 g6 6. Ne5 Bg7 7. Nxc4 Be6 8. Nba3 Na6 9. O-O h5 10. h3 Bd5 11. f3 c5 12. Be3 O-O 13. Rc1 b5 14. Nxb5 Qb8 15. a4 Qxg3 16. dxc5 Rfc8 17. Bf2 Qf4 18. e4 Be6 19. Na5 Nd7 20. c6 Be5 21. Re1 Nf6 22. Kf1 Nb4 23. Qe2 Rd8 24. Rcd1 h4 25. Qe3 Qxe3 26. Bxe3 Nc2 27. Rxd8+ Rxd8 28. c7 Rd3 29. Rc1 Rd1+ 30. Rxd1 Nxe3+ 31. Ke2 Nxd1 32. Kxd1 a6 33. Nc6 axb5 34. Nxe5 Ne8 35. axb5 Nxc7 36. b6 Na6 37. Nc6 Nc5 38. b4 Nb7 39. Na5 Bc8 40. e5 Nd8 41. f4 Kf8 42. b7 Nxb7 43. Nxb7 Ke8 44. Nc5 Kd8 45. Kd2 Kc7 46. Kc3 f6 47. e6 g5 48. f5 1-0

[Event "EYCC Open-U18 2019"]
[Site "Bratislava"]
[Date "2019.08.07"]
[Round "6.28"]
[White "Brozyna, Mateusz"]
[Black "Garayev, Kanan"]
[Result "0-1"]
[ECO "C10"]
[WhiteElo "2258"]
[BlackElo "2351"]
[Annotator "NA"]
[PlyCount "86"]
[EventDate "2019.08.02"]
[EventType "swiss"]
[EventCountry "SVK"]
[SourceTitle "playchess.com"]
[Source "ChessBase"]
[SourceQuality "1"]
[TimeControl "40/5400+30:1800+30"]

1. e4 e6 2. d4 d5 3. Nc3 Nc6 4. Nf3 Nf6 5. Bg5 Be7 6. Bxf6 Bxf6 7. e5 Be7 8. a3 O-O 9. Bd3 f6 10. h4 fxe5 11. dxe5 Qe8 12. Qe2 Rxf3 13. Qxf3 Nxe5 14. Qe2 Nxd3+ 15. Qxd3 c6 16. f4 Qf7 17. g3 e5 18. fxe5 Bg4 19. Ne2 Qh5 20. Qe3 Re8 21. Nf4 Qf5 22. Nd3 Bf6 23. Rf1 Qh5 24. Kd2 Bxe5 25. Rae1 Bc3+ 26. bxc3 Rxe3 27. Rxe3 h6 28. Re7 Bh3 29. Rf4 Bg2 30. Ne5 Be4 31. Nd7 Bf5 32. Ne5 Be4 33. Nd7 Bf5 34. Re5 Qf7 35. Nc5 g6 36. g4 Qc7 37. Nd3 Bxd3 38. Re8+ Kg7 39. Rff8 Qh2+ 40. Kxd3 Qxh4 41. g5 Qg3+ 42. Ke2 Qxc3 43. Rh8 hxg5 0-1

[Event "EYCC Open-U18 2019"]
[Site "Bratislava"]
[Date "2019.08.07"]
[Round "6.29"]
[White "Santryan, Davit"]
[Black "Leisch, Lukas"]
[Result "1-0"]
[ECO "A49"]
[WhiteElo "2167"]
[BlackElo "2327"]
[Annotator "NA"]
[PlyCount "81"]
[EventDate "2019.08.02"]
[EventType "swiss"]
[EventCountry "SVK"]
[SourceTitle "playchess.com"]
[Source "ChessBase"]
[SourceQuality "1"]
[TimeControl "40/5400+30:1800+30"]

1. d4 Nf6 2. Nf3 g6 3. g3 Bg7 4. Bg2 O-O 5. O-O d6 6. b3 b5 7. Ne1 c6 8. Bb2 a5 9. c4 bxc4 10. bxc4 d5 11. Nd2 Bf5 12. Nd3 Na6 13. Ne5 Qc7 14. Rc1 Qb7 15. Ba1 Rfc8 16. e3 Rab8 17. g4 Be6 18. f4 Nc7 19. g5 Nfe8 20. Nxc6 Qxc6 21. cxd5 Qd7 22. dxe6 Qxe6 23. Nc4 Nd5 24. Qf3 Rd8 25. e4 Nb4 26. d5 Qa6 27. Bxg7 Nxg7 28. a3 Na2 29. Rc2 Rdc8 30. Qe2 Rb3 31. Nxa5 Qb6+ 32. Kh1 Nc3 33. Qg4 Nf5 34. Nxb3 Qxb3 35. Rxc3 Rxc3 36. exf5 Qxa3 37. fxg6 hxg6 38. f5 Rc1 39. fxg6 Rxf1+ 40. Bxf1 fxg6 41. h4 1-0

[Event "EYCC Open-U18 2019"]
[Site "Bratislava"]
[Date "2019.08.07"]
[Round "6.30"]
[White "Triantos, Konstantinos"]
[Black "Ciorgovean, Iustin"]
[Result "1-0"]
[ECO "B92"]
[WhiteElo "2129"]
[BlackElo "2330"]
[Annotator "NA"]
[PlyCount "97"]
[EventDate "2019.08.02"]
[EventType "swiss"]
[EventCountry "SVK"]
[SourceTitle "playchess.com"]
[Source "ChessBase"]
[SourceQuality "1"]
[TimeControl "40/5400+30:1800+30"]

1. e4 c5 2. Nf3 d6 3. d4 cxd4 4. Nxd4 Nf6 5. Nc3 a6 6. Be2 e5 7. Nf3 Be7 8. Bg5 Be6 9. Bxf6 Bxf6 10. O-O O-O 11. Nd5 Nd7 12. Bc4 Rc8 13. Bb3 Be7 14. Qe2 Nc5 15. Rfd1 g6 16. c3 Nxb3 17. axb3 f5 18. exf5 gxf5 19. Qd2 Rc6 20. Qh6 Qd7 21. Nb4 Rc5 22. Nd3 Rd5 23. c4 Rxd3 24. Rxd3 Rf6 25. Qh5 e4 26. Ne5 Qc8 27. Rh3 dxe5 28. Qxh7+ Kf8 29. Qh8+ Bg8 30. Rg3 Qe6 31. Qg7+ Ke8 32. Qxg8+ Qxg8 33. Rxg8+ Kf7 34. Rg5 Rh6 35. Rxf5+ Ke6 36. g4 Rh4 37. h3 Rxh3 38. Re1 Rxb3 39. Rxe4 Bd6 40. Re2 Rb4 41. Rf4 b5 42. g5 bxc4 43. g6 Kd5 44. Rd2+ Kc5 45. g7 Rb8 46. Rf6 Be7 47. Rf7 Bd6 48. Rxd6 Kxd6 49. Rf8 1-0

[Event "EYCC Open-U18 2019"]
[Site "Bratislava"]
[Date "2019.08.07"]
[Round "6.31"]
[White "Durica, Adam"]
[Black "Iliaguev, Nisim"]
[Result "0-1"]
[ECO "A36"]
[WhiteElo "1958"]
[BlackElo "2357"]
[Annotator "NA"]
[PlyCount "78"]
[EventDate "2019.08.02"]
[EventType "swiss"]
[EventCountry "SVK"]
[SourceTitle "playchess.com"]
[Source "ChessBase"]
[SourceQuality "1"]
[TimeControl "40/5400+30:1800+30"]

1. c4 c5 2. g3 g6 3. Bg2 Bg7 4. Nc3 Nc6 5. a3 Nf6 6. Rb1 a5 7. e4 O-O 8. Nge2 d6 9. d3 Ne8 10. O-O Nc7 11. Be3 Nd4 12. b4 axb4 13. axb4 Ra3 14. Bc1 Ra7 15. b5 Nce6 16. Nd5 Nxe2+ 17. Qxe2 Nd4 18. Qd1 e6 19. b6 Ra2 20. Nc7 Bd7 21. Kh1 Ba4 22. Qg4 h5 23. Qg5 Bf6 24. Qe3 Re2 25. Qh6 Bc2 26. Bf3 Nxf3 27. Nxe6 fxe6 28. Qxg6+ Bg7 29. Qxe6+ Kh8 30. Bb2 Nd4 31. Bxd4 cxd4 32. Rb5 Qe8 33. Qh3 Bxd3 34. Rxh5+ Kg8 35. Kg1 Rfxf2 36. Rh8+ Bxh8 37. Qg4+ Bg7 38. Rxf2 Re1+ 39. Kg2 Qxe4+ 0-1

[Event "EYCC Open-U18 2019"]
[Site "Bratislava"]
[Date "2019.08.07"]
[Round "6.32"]
[White "Oboladze, Luka"]
[Black "Boev, Viktor"]
[Result "1/2-1/2"]
[ECO "A14"]
[WhiteElo "2323"]
[BlackElo "2246"]
[Annotator "NA"]
[PlyCount "55"]
[EventDate "2019.08.02"]
[EventType "swiss"]
[EventCountry "SVK"]
[SourceTitle "playchess.com"]
[Source "ChessBase"]
[SourceQuality "1"]
[TimeControl "40/5400+30:1800+30"]

1. c4 e6 2. Nf3 d5 3. g3 Nf6 4. Bg2 Be7 5. O-O O-O 6. d4 dxc4 7. Ne5 Nc6 8. Nxc6 bxc6 9. Na3 Bxa3 10. bxa3 Rb8 11. Qa4 Qxd4 12. Be3 Qb2 13. Qxc4 e5 14. Bxa7 Be6 15. Qxc6 Rbc8 16. Bc5 Rfd8 17. e3 Rd2 18. Bb4 Rxf2 19. Rxf2 Qxa1+ 20. Rf1 Qxa2 21. Qc3 Ng4 22. Qd2 c5 23. Qxa2 Bxa2 24. Rc1 Nxe3 25. Bh3 f5 26. Rxc5 Rxc5 27. Bxc5 Ng4 28. Bxg4 1/2-1/2

[Event "EYCC Open-U18 2019"]
[Site "Bratislava"]
[Date "2019.08.07"]
[Round "6.33"]
[White "Martinez Fernandez, Adrian"]
[Black "Pirard, Natan"]
[Result "1-0"]
[ECO "B36"]
[WhiteElo "2311"]
[BlackElo "2153"]
[Annotator "NA"]
[PlyCount "53"]
[EventDate "2019.08.02"]
[EventType "swiss"]
[EventCountry "SVK"]
[SourceTitle "playchess.com"]
[Source "ChessBase"]
[SourceQuality "1"]
[TimeControl "40/5400+30:1800+30"]

1. e4 c5 2. Nf3 Nc6 3. d4 cxd4 4. Nxd4 g6 5. c4 Nf6 6. Nc3 d6 7. Be2 Nxd4 8. Qxd4 Bg7 9. Be3 O-O 10. Qd2 a5 11. O-O a4 12. Rad1 Qa5 13. Bd4 Be6 14. f4 Rfc8 15. b3 axb3 16. axb3 Qb4 17. f5 Bd7 18. Bxf6 Bxf6 19. Nd5 Qxd2 20. Nxf6+ Kg7 21. Rxd2 Kxf6 22. fxg6+ Kxg6 23. e5 Rc6 24. Rd3 Kg7 25. Rg3+ Kf8 26. Bh5 Be6 27. Bxf7 1-0

[Event "EYCC Open-U18 2019"]
[Site "Bratislava"]
[Date "2019.08.07"]
[Round "6.34"]
[White "Halfhide, Sebastian"]
[Black "Bekasovs, Rihards"]
[Result "0-1"]
[ECO "C00"]
[WhiteElo "2286"]
[BlackElo "2144"]
[Annotator "NA"]
[PlyCount "100"]
[EventDate "2019.08.02"]
[EventType "swiss"]
[EventCountry "SVK"]
[SourceTitle "playchess.com"]
[Source "ChessBase"]
[SourceQuality "1"]
[TimeControl "40/5400+30:1800+30"]

1. e4 e6 2. Qe2 c5 3. Nf3 Nc6 4. g3 g6 5. Bg2 Bg7 6. O-O d6 7. d3 Nge7 8. Nfd2 O-O 9. c3 Rb8 10. f4 Qc7 11. Nf3 b5 12. g4 b4 13. c4 f5 14. h3 Nd4 15. Nxd4 Bxd4+ 16. Kh1 Nc6 17. Nd2 Bg7 18. Nf3 Bd7 19. Be3 Rbe8 20. Qd2 e5 21. exf5 gxf5 22. Ng5 Ne7 23. fxe5 Bxe5 24. Bf4 Bxf4 25. Qxf4 Ng6 26. Bd5+ Kg7 27. Qd2 fxg4 28. Nf7 Bc6 29. Qh6+ Kg8 30. Ng5+ Bxd5+ 31. cxd5 Qb7 32. Kg1 gxh3 33. Qxh3 Qg7 34. Kh1 Rf4 35. Ne6 Rxf1+ 36. Rxf1 Qe7 37. Rg1 Qf6 38. Ng5 Re7 39. Ne4 Qe5 40. Qc8+ Kg7 41. Rf1 Qxd5 42. Qa6 Qh5+ 43. Kg1 Qg4+ 44. Kh2 Qh4+ 45. Kg1 Qg4+ 46. Kh2 Nh4 47. Rf2 Nf3+ 48. Rxf3 Qxf3 49. Qxd6 Qh5+ 50. Kg3 Qe5+ 0-1

[Event "EYCC Open-U18 2019"]
[Site "Bratislava"]
[Date "2019.08.07"]
[Round "6.35"]
[White "Gray, Euan"]
[Black "Jakab, Bela"]
[Result "1/2-1/2"]
[ECO "D25"]
[WhiteElo "2004"]
[BlackElo "2278"]
[Annotator "NA"]
[PlyCount "86"]
[EventDate "2019.08.02"]
[EventType "swiss"]
[EventCountry "SVK"]
[SourceTitle "playchess.com"]
[Source "ChessBase"]
[SourceQuality "1"]
[TimeControl "40/5400+30:1800+30"]

1. d4 d5 2. c4 dxc4 3. Nf3 Nf6 4. e3 c5 5. Bxc4 cxd4 6. exd4 e6 7. O-O Be7 8. Qe2 O-O 9. Nc3 Nc6 10. Rd1 Nb4 11. Ne5 a6 12. Bb3 Bd7 13. Bf4 Nbd5 14. Nxd5 Nxd5 15. Bxd5 exd5 16. Nxd7 Qxd7 17. Rac1 Rac8 18. Re1 Bf6 19. Be3 h6 20. b3 Qd6 21. Qg4 Qe6 22. Qxe6 fxe6 23. Red1 Kf7 24. Kf1 Be7 25. Rxc8 Rxc8 26. Rc1 Rc6 27. Ke2 Ba3 28. Rxc6 bxc6 29. Kd3 Bd6 30. h3 g5 31. h4 gxh4 32. Bxh6 Kg6 33. Bd2 Kf5 34. f3 Be7 35. Be3 Bd6 36. Bf2 Kg5 37. Be3+ Kh5 38. Bf2 Bb4 39. Ke3 Kg5 40. Kd3 Bd6 41. Be3+ Kh5 42. Bf2 Kg5 43. Be3+ Kh5 {[%emt 0:00:03] Ke4} 1/2-1/2

[Event "EYCC Open-U18 2019"]
[Site "Bratislava"]
[Date "2019.08.07"]
[Round "6.36"]
[White "Omorjan, Dejan"]
[Black "Polczyk, Mikolaj"]
[Result "1-0"]
[ECO "D37"]
[WhiteElo "2317"]
[BlackElo "2111"]
[Annotator "NA"]
[PlyCount "127"]
[EventDate "2019.08.02"]
[EventType "swiss"]
[EventCountry "SVK"]
[SourceTitle "playchess.com"]
[Source "ChessBase"]
[SourceQuality "1"]
[TimeControl "40/5400+30:1800+30"]

1. Nf3 d5 2. d4 Nf6 3. c4 e6 4. Nc3 dxc4 5. e3 a6 6. a4 c5 7. Bxc4 Nc6 8. O-O Be7 9. Qe2 cxd4 10. Rd1 e5 11. exd4 exd4 12. Nxd4 Nxd4 13. Qe5 Qd6 14. Qxd6 Bxd6 15. Rxd4 Bc5 16. Rd1 O-O 17. h3 h6 18. Bf4 Bf5 19. Nd5 Ne4 20. Be3 Rae8 21. Bd3 Bxe3 22. Nxe3 Bg6 23. Rac1 Rd8 24. Bc4 Nf6 25. f3 Rxd1+ 26. Rxd1 b5 27. axb5 axb5 28. Bf1 b4 29. Rd4 Rb8 30. b3 Kf8 31. Kf2 Ke7 32. g4 Bb1 33. Rd1 Bh7 34. Rd4 Bb1 35. h4 g5 36. h5 Bh7 37. Bd3 Bxd3 38. Rxd3 Ke6 39. Nf5 Ne8 40. Ke3 Ke5 41. Nxh6 Nd6 42. Rxd6 Kxd6 43. Nxf7+ Ke7 44. Nxg5 Rc8 45. Ne4 Rc1 46. g5 Rb1 47. Nd2 Rh1 48. h6 Kf7 49. f4 Kg6 50. Nf3 Kf5 51. Nd4+ Kg6 52. Ke4 Re1+ 53. Kd5 Rf1 54. Ne6 Re1 55. Nf8+ Kf7 56. Nd7 Rd1+ 57. Kc6 Kg6 58. Ne5+ Kh7 59. f5 Rf1 60. f6 Rf5 61. f7 Rf1 62. Kd6 Rf2 63. Ke7 Rf1 64. g6+ 1-0

[Event "EYCC Open-U18 2019"]
[Site "Bratislava"]
[Date "2019.08.07"]
[Round "6.37"]
[White "Golikov, Daniil"]
[Black "Varga, Lukas"]
[Result "1-0"]
[ECO "E20"]
[WhiteElo "2257"]
[BlackElo "2046"]
[Annotator "NA"]
[PlyCount "75"]
[EventDate "2019.08.02"]
[EventType "swiss"]
[EventCountry "SVK"]
[SourceTitle "playchess.com"]
[Source "ChessBase"]
[SourceQuality "1"]
[TimeControl "40/5400+30:1800+30"]

1. d4 Nf6 2. c4 e6 3. Nc3 Bb4 4. f3 O-O 5. e4 b6 6. Bd3 Nc6 7. Nge2 Bxc3+ 8. Nxc3 Nh5 9. O-O d6 10. f4 Nf6 11. Be2 d5 12. e5 Ne4 13. Be3 Nxc3 14. bxc3 Ba6 15. Qa4 Na5 16. f5 Qe8 17. Qc2 f6 18. exf6 exf5 19. Bg5 g6 20. Bf3 Bxc4 21. Rfe1 Qc6 22. Re7 Rf7 23. Rae1 Raf8 24. g4 f4 25. R7e6 Qb5 26. Bh6 Bd3 27. Qg2 c6 28. Bxf8 Rxf8 29. Qh3 h5 30. gxh5 Bf5 31. Bg4 Qd3 32. Bxf5 Qxf5 33. Qxf5 gxf5 34. Re8 Rxe8 35. Rxe8+ Kf7 36. Ra8 Kxf6 37. Rg8 Kf7 38. Rg5 1-0

[Event "EYCC Open-U18 2019"]
[Site "Bratislava"]
[Date "2019.08.07"]
[Round "6.38"]
[White "Castillo Dalmau, Albert"]
[Black "Rodriguez Izquierdo, Luis"]
[Result "1/2-1/2"]
[ECO "A20"]
[WhiteElo "2252"]
[BlackElo "2007"]
[Annotator "NA"]
[PlyCount "135"]
[EventDate "2019.08.02"]
[EventType "swiss"]
[EventCountry "SVK"]
[SourceTitle "playchess.com"]
[Source "ChessBase"]
[SourceQuality "1"]
[TimeControl "40/5400+30:1800+30"]

1. c4 e5 2. g3 Nf6 3. Bg2 d5 4. cxd5 Nxd5 5. Nf3 Nc6 6. O-O Be7 7. d4 exd4 8. Nxd4 Nxd4 9. Qxd4 Nf6 10. Qa4+ c6 11. Rd1 Bd7 12. Nc3 O-O 13. e4 Qc8 14. Bf4 Be6 15. Rac1 Qe8 16. h3 Nd7 17. Be3 Bc5 18. Bxc5 Nxc5 19. Qa3 Nd7 20. f4 f6 21. Kh2 Nb6 22. b3 Kh8 23. Ne2 f5 24. e5 Bd5 25. Bxd5 Nxd5 26. Nc3 Qh5 27. Rd2 Nxf4 28. gxf4 Qf3 29. Qb4 Rad8 30. Rcd1 a5 31. Qc4 b5 32. Qe2 Qxf4+ 33. Kh1 Rde8 34. e6 Qh6 35. Qf3 Rxe6 36. Rd8 Ree8 37. Rxe8 Rxe8 38. Qxf5 Qe3 39. Rf1 h6 40. Qf3 Qxf3+ 41. Rxf3 b4 42. Na4 Re2 43. Rf8+ Kh7 44. Ra8 Rxa2 45. Rxa5 Ra3 46. Ra6 Rxb3 47. Rb6 Rxh3+ 48. Kg2 Rh4 49. Rxc6 b3 50. Nc3 Rg4+ 51. Kf2 Rg6 52. Rc5 Rb6 53. Nb1 b2 54. Rc3 g5 55. Kg3 Kg6 56. Rc5 h5 57. Kg2 g4 58. Kh2 h4 59. Kg2 Rb3 60. Kh2 h3 61. Re5 Kf6 62. Rc5 Re3 63. Rc2 Kg5 64. Rxb2 Kh4 65. Rb4 Re2+ 66. Kh1 h2 67. Nc3 Rc2 68. Ne2 1/2-1/2